 Dungeon Crawl Stone Soup version 0.29.1-2-gbd0b4ee654 (webtiles) character file.

Game seed: 7331446980833788566

34 zeram the Trooper (level 3, -1/33 HPs)
             Began as a Hill Orc Fighter on Nov 12, 2022.
             Frozen to death by an endoplasm (3 damage)
             ... on level 3 of the Dungeon.
             The game lasted 00:02:41 (1207 turns).

zeram the Trooper (Hill Orc Fighter)                Turns: 1207, Time: 00:02:43

Health: -1/33      AC:  6    Str: 20    XL:     3   Next: 31%
Magic:  3/3        EV:  9    Int:  8    God:
Gold:   13         SH:  4    Dex: 10    Spells: 2/2 levels left

rFire   . . .      SeeInvis .   a - +0 war axe
rCold   . . .      Faith    .   c - +0 buckler
rNeg    . . .      Spirit   .   b - +0 scale mail
rPois   .          Reflect  .   (no helmet)
rElec   .          Harm     .   (no cloak)
rCorr   .          Rampage  .   (no gloves)
Will    .....                   (no boots)
Stlth   ..........              (no amulet)
HPRegen 0.11/turn               (no ring)
MPRegen 0.08/turn               (no ring)

@: no status effects
A: no striking features
a: no special abilities


You were on level 3 of the Dungeon.
You visited 1 branch of the dungeon, and saw 3 of its levels.

You collected 13 gold pieces.

Inventory:

Hand Weapons
 a - a +0 war axe (weapon)
 j - a +0 whip
Armour
 b - a +0 scale mail (worn)
 c - a +0 buckler (worn)
Jewellery
 e - a +6 ring of intelligence
Scrolls
 f - 5 scrolls of identify {unknown}
 g - a scroll of immolation {unknown}
 h - a scroll of blinking {unknown}
 i - a scroll of amnesia {unknown}
Potions
 l - a potion of curing {unknown}


   Skills:
 + Level 4.0 Fighting
 + Level 3.6 Axes
 + Level 3.6 Armour
 + Level 0.3 Dodging
 + Level 3.5 Shields


You had 2 spell levels left.
You didn't know any spells.
Your spell library contained the following spells:

 Spells                   Type           Power      Damage    Failure   Level
 Dispersal                Tloc           0%         N/A       100%        6
 Disjunction              Tloc           0%         N/A       100%        8


Dungeon Overview and Level Annotations

Branches:
Dungeon (3/15)

Altars:

Annotations:
D:2 Sigmund


Message History

Sigmund flickers and vanishes!
Deactivating autopickup; reactivate with Ctrl-A.
You are confused.
You're too confused to move!
You feel less confused.
Something tries to affect you, but you resist.
A puff of flame appears from out of thin air!
The puff of flame hits you!
* * * LOW HITPOINT WARNING * * *
There is a stone staircase leading down here.
You climb downwards.
Reactivating autopickup.
The goblin shouts!
You hear an angry hiss. x2
There is a stone staircase leading up here.
Unknown command.
You start resting.
An adder comes into view.
A kobold comes into view. It is wielding a +0 dagger of draining.
An endoplasm comes into view.
You barely miss the adder. The adder barely misses you.
Unknown command.
You slice the adder!!
You kill the adder!
Your Fighting skill increases to level 4!
You barely miss the goblin. The goblin hits you with a +0 club.
* * * LOW HITPOINT WARNING * * *
You slash the goblin!
You kill the goblin!
The endoplasm completely misses you. The endoplasm attacks as you move away!
The endoplasm hits you but does no damage.
There is a stone staircase leading up here.
You see here a +0 club.
It was a potion of cancellation.
Your magical effects are unravelling.
You feel magically purged.
You feel a little less mighty now. The endoplasm freezes you.
You are frozen.
You die...

#. #.#.
#.#.#
#.#.#
#.#.# ##
#K#.#
#.#.#.#
#J#.#
#.....#@#
#.....+#.#
.......
#.#
.......
#.#
.......
#.#
.......
#.#
.......
#.# #.


You could see an endoplasm.

Vanquished Creatures
  An adder (D:3)
  An endoplasm (D:1)
  3 giant cockroaches (D:1)
  A goblin (D:3)
  A hobgoblin (D:1)
  3 kobolds
  3 quokkas (D:1)
  6 ball pythons (D:1)
  3 bats (D:1)
  2 rats (D:1)
24 creatures vanquished.

Vanquished Creatures (others)
  A fungus (D:1)
  7 plants (D:1)
8 creatures vanquished.

Grand Total: 32 creatures vanquished

Notes
Turn   | Place    | Note
-------+----------+-------------------------------------------
     0 | D:1      | zeram the Hill Orc Fighter began the quest for the Orb.
     0 | D:1      | Reached XP level 1. HP: 19/19 MP: 1/1
   129 | D:1      | Reached XP level 2. HP: 23/27 MP: 2/2
   980 | D:1      | Found a faded altar of an unknown god.
  1161 | D:2      | Noticed Sigmund
  1170 | D:2      | Reached XP level 3. HP: 11/33 MP: 3/3
  1204 | D:3      | Reached skill level 4 in Fighting
  1204 | D:3      | HP: 1/33 [goblin/+0 club (2)]
  1207 | D:3      | Frozen to death by an endoplasm

Illustrated notes

Levels and vault maps discovered:
D:1:      lightli_arrival_noodles, layout_basic,
          shapermc_ecumenical_altar_mp_urbaneastern
D:2:      layout_basic, uniq_sigmund
D:3:      layout_basic, skrybe_limestone_x

Skill      XL: |  1  2  3 |
---------------+----------+-----
Axes           | 3 |  3.6
Fighting       | 4 |  4.0
Armour         | |  3.6
Dodging        | |  0.3
Shields        | |  3.5

Action                   || total
-------------------------++-------
Melee: War axe           ||    82
  Use: Potion            ||     2
Armor: Scale mail        ||    45
Dodge: Dodged            ||    39
Block: Buckler           ||    21
